 Dungeon Crawl Stone Soup version 0.17.0-23-g0de4337 (webtiles) character file.

62 urechis the Magician (level 4, -1/24 HPs)
             Began as a Gargoyle Wizard on Nov 13, 2015.
             Slain by Purgy (6 damage)
             ... in a sewer.
             The game lasted 00:04:50 (2347 turns).

urechis the Magician (Gargoyle Wizard)              Turns: 2347, Time: 00:04:50

Health: -1/24      AC:  5    Str: 10    XL:     4   Next: 8%
Magic:  0/10       EV: 11    Int: 20    God:
Gold:   88         SH:  0    Dex:  8    Spells: 2 memorised, 8 levels left

rFire  . . .     SeeInvis .     p - -1 long sword (curse)
rCold  . . .     Clarity  .     a - +0 robe
rNeg   + . .     SustAt   .     (no shield)
rPois  ∞         Gourm    .     b - +0 hat
rElec  +         Spirit   .     (no cloak)
rCorr  .         Warding  .     (no gloves)
rMut   .         Stasis   +     (no boots)
MR     .....                    k - amulet of stasis
Stlth  ++........               (no ring)
                                (no ring)

@: not resistant to hostile enchantments, unstealthy
A: negative energy resistance 1, electricity resistance, unbreathing,
petrification resistance, rot immunity, AC +3
a: no special abilities


You were in a sewer.
You were not hungry.

You visited 1 branch of the dungeon, and saw 3 of its levels.
You also visited: Sewer.

You collected 88 gold pieces.

Inventory:

Hand Weapons
 g - a +0 spear
 p - a cursed -1 long sword (weapon)
Missiles
 i - 2 curare-tipped needles
Armour
 a - a +0 robe (worn)
 b - a +0 hat (worn)
Jewellery
 k - an amulet of stasis (around neck)
 x - a cursed ring of sustain attributes {unknown}
Scrolls
 j - a scroll of noise {unknown}
 l - 3 scrolls of identify {unknown}
 m - 2 scrolls of fog {unknown}
 q - 2 scrolls of teleportation {unknown}
 r - 4 scrolls of remove curse {unknown}
 s - a scroll of enchant weapon {unknown}
 v - a scroll of blinking {unknown}
 y - a scroll of fear {unknown}
Potions
 e - a potion of ambrosia {unknown}
 o - 2 potions of poison {unknown}
 t - a potion of flight {unknown}
 u - a potion of cure mutation {unknown}
 w - 3 potions of brilliance {unknown}
 A - a potion of curing {unknown}
 B - a potion of magic {unknown}
 C - a potion of might {unknown}
Books
 c - a book of Minor Magic

   Spells                             Type                      Level
   a - Magic Dart                     Conjuration                  1
   b - Blink                          Translocation                2
   c - Call Imp                       Summoning                    2
   d - Repel Missiles                 Charms/Air                   2
   e - Slow                           Hexes                        2
   f - Conjure Flame                  Conjuration/Fire             3
   g - Mephitic Cloud                 Conjuration/Poison/Air       3
Comestibles
 d - 2 bread rations
 f - 2 beef jerkies
 h - 2 meat rations
 n - a slice of pizza


   Skills:
 - Level 1.5 Dodging
 - Level 2.1 Stealth
 + Level 4.0 Spellcasting
 + Level 2.7 Conjurations
   Level 0.8 Summonings
 - Level 0.8 Translocations


You had 8 spell levels left.
You knew the following spells:

 Your Spells              Type           Power        Failure   Level  Hunger
a - Magic Dart            Conj           ###.         4%          1    None
b - Blink                 Tloc           N/A          17%         2    #......


Dungeon Overview and Level Annotations

Branches:
Dungeon (3/15)

Altars:
Fedhas

Annotations:
Sewer Purgy


Innate Abilities, Weirdness & Mutations

You are resistant to torment.
Your stone body is resilient (AC +3).
You are immune to poison.
You resist negative energy.
You are resistant to electric shocks.
You can survive without breathing.
You are immune to petrification.
You are immune to rotting.


Message History

Aiming: Magic Dart
Press: ? - help, Shift-Dir - straight line, f/p - Purgy
Aim: Purgy (heavily wounded)
The magic dart hits Purgy.
Purgy is severely wounded.
Purgy bites you.
* * * LOW HITPOINT WARNING * * *
Purgy claws you but does no damage. Purgy closely misses you.
You hit Purgy.
Purgy is severely wounded.
Purgy bites you.
* * * LOW HITPOINT WARNING * * *
Purgy barely misses you. Purgy claws you.
* * * LOW HITPOINT WARNING * * *
Purgy barely misses you. Purgy closely misses you. Purgy claws you.
* * * LOW HITPOINT WARNING * * *
You completely miss Purgy.
Purgy is severely wounded.
Purgy bites you.
You die...

#≈≈≈≈≈≈≈≈≈≈≈≈≈≈≈≈≈≈≈≈≈≈###
##≈≈≈≈≈≈≈≈≈≈≈≈≈≈≈≈≈≈≈≈≈≈≈≈#
≈≈≈≈≈≈≈≈≈≈≈≈≈≈≈≈≈≈≈≈≈≈≈≈≈≈≈
##≈≈≈≈≈≈≈≈≈≈..≈≈≈≈≈≈≈≈≈≈≈≈≈≈
≈≈≈≈≈≈≈≈≈≈≈≈..≈.≈≈.≈T≈≈≈≈≈≈≈
≈≈≈≈≈≈≈≈≈≈≈#####.#.##.≈≈≈≈≈≈
≈≈≈≈≈≈≈≈≈### #≈### #≈≈≈≈≈≈
≈≈≈≈≈≈≈≈≈# #T# ≈≈≈≈≈≈
≈≈≈≈≈≈≈≈≈# #@# ≈≈≈≈≈
≈≈≈≈≈≈≈≈## #≈# ≈≈≈≈≈
≈≈≈≈≈≈≈## #≈# T≈≈≈ ≈≈≈≈≈≈..#
##≈## .≈≈≈ ≈≈≈≈≈≈.## #.≈.#
≈≈≈≈.### #.∩.# ≈≈≈≈..# #...#
≈≈≈≈.## ##### ≈≈≈≈.###


You could see Purgy.

Vanquished Creatures
  An adder (D:2)
  A river rat (D:3)
  A giant gecko (D:2)
  5 bats
  3 giant cockroaches
  6 goblins
  6 hobgoblins
  3 jackals (D:1)
  2 kobolds (D:1)
  3 ball pythons
  6 giant newts
  8 rats
45 creatures vanquished.

Notes
Turn   | Place    | Note
--------------------------------------------------------------
     0 | D:1      | urechis the Gargoyle Wizard began the quest for the Orb.
     0 | D:1      | Reached XP level 1. HP: 10/10 MP: 4/4
   373 | D:1      | Reached XP level 2. HP: 15/15 MP: 0/6
   450 | D:1      | Learned a level 2 spell: Blink
  1134 | D:2      | Reached XP level 3. HP: 19/19 MP: 0/8
  1670 | D:2      | Found a blossoming altar of Fedhas.
  2110 | D:3      | Found a glowing drain.
  2118 | D:3      | Reached XP level 4. HP: 24/24 MP: 0/9
  2145 | Sewer    | Entered a sewer
  2225 | Sewer    | Reached skill level 4 in Spellcasting
  2327 | Sewer    | Noticed Purgy
  2347 | Sewer    | Slain by Purgy

Action                   |  1- 3 |  4- 6 || total
-------------------------+-------+-------++-------
Melee: Spear             |    19 |       ||    19
       Long sword        |    16 |     2 ||    18
 Cast: Magic Dart        |    83 |    20 ||   103
  Eat: Chunk             |     3 |     1 ||     4
